 Dungeon Crawl Stone Soup version 0.30.1-3-gfc49f6343a (webtiles) character file.

Game seed: 6046525937543213836

2 croobank the Sneak (level 1, -5/16 HPs)
             Began as an Octopode Delver on Aug 4, 2023.
             Slain by a water moccasin (10 damage)
             ... on level 5 of the Dungeon.
             The game lasted 00:01:24 (150 turns).

croobank the Sneak (Octopode Delver)                 Turns: 150, Time: 00:01:25

Health: -5/16      AC:  1    Str: 11    XL:     1   Next: 30%
Magic:  1/1        EV: 13    Int: 12    God:
Gold:   13         SH:  0    Dex: 13    Spells: 0/0 levels left

rFire   . . .        a - +0 short sword
rCold   . . .        (no shield)
rNeg    . . .        (helmet restricted)
rPois   .            (no amulet)
rElec   .            (no ring)
rCorr   .            (no ring)
SInv    .            (no ring)
Will    .....        (no ring)
Stlth   ++++         (no ring)
HPRegen 0.22/turn    (no ring)
MPRegen 0.07/turn    (no ring)
                     (no ring)

%: no passive effects
@: lethally poisoned (-5 -> -15), hasted, very quick
A: almost no armour, amphibious, 8 rings, camouflage 1, gelatinous body 1,
(nimble swimmer 1), tentacles
a: no special abilities


You were on level 5 of the Dungeon.
You visited 1 branch of the dungeon, and saw 2 of its levels.

You collected 13 gold pieces.

Inventory:

Hand Weapons
 a - a +0 short sword (weapon)
Wands
 f - a wand of digging (3)
Scrolls
 b - a scroll of fog
 d - a scroll of fear


   Skills:
 + Level 3.0 Fighting
 + Level 2.0 Short Blades
 + Level 2.0 Dodging
 * Level 6.6 Stealth


You couldn't memorise any spells.
You didn't know any spells.
Your spell library was empty.

Dungeon Overview and Level Annotations

Branches:
Dungeon (6/15)
 Temple: D:4-7

Altars:

Annotations:
D:5 Ijyb, Robin


Innate Abilities, Weirdness & Mutations

You cannot wear most types of armour.
You are amphibious.
You can wear up to eight rings at the same time.
Your skin changes colour to match your surroundings (Stealth+).
Your rubbery body absorbs attacks. (AC +1, EV +1)
((You are camouflaged when in or above water. (Stealth+)))
You have tentacles for arms and can constrict up to eight enemies at once.


Message History

The orc hits you with a +0 club.
You hit the orc.
The orc is severely wounded.
You feel less confused. The orc hits you with a +0 club.
You hit the orc. You grab the orc.
The orc is almost dead.
You constrict the orc.
You kill the orc!
You start resting.
HP restored.
Things that are here:
a +0 club; an orc corpse
Found 4 stones.
Found a stone staircase leading down.
Found 5 stones.
You now have 13 gold pieces (gained 7).
Robin and a goblin come into view.
Robin is wielding a +0 dagger of holy wrath. 2 goblins, Ijyb and a hobgoblin come into view.
Ijyb is wielding a +0 dagger and carrying a wand of flame (7).
Ijyb shouts!
The goblin shouts! x2; You hear a shout!
A water moccasin comes into view.
As you read the scroll of magic mapping, it crumbles to dust.
You feel aware of your surroundings.
Okay, then.
As you read the scroll labelled MEONUU LUKUOTU, it crumbles to dust.
It is a scroll of enchant armour.
You aren't carrying any armour which can be enchanted further.
You feel yourself speed up.
You closely miss the water moccasin. You grab the water moccasin.
You constrict the water moccasin. The water moccasin bites you!
Ouch! That really hurt!
You are lethally poisoned!
The water moccasin poisons you!
You hit the water moccasin.
The water moccasin is lightly wounded.
You constrict the water moccasin, but do no damage.
You feel sick. The water moccasin bites you!
Ouch! That really hurt!
You die...

#**,,,#..(.,**,,** #
*,,##...,,.....* #
*,,#..........,*
###*,,...##.>..##*
..##**,..##.....#**#
...#####.##.....#*.#
...#..#..###...###.##
#..............#....# ***
................@#*,***,*
.........##....S##,,,,,,***
........##......##**,,,,,,**
........##.......# *,,,,,,,*
........#........# *,,**,,**
#.......#........# **,,,,,,****
##.......##.....##**,*,,,,,*,,**
**..#............#*,,,,,,,,,,,,*
*,,*,,...........##,,,,,,,,,,,,**


You could see a water moccasin.

Vanquished Creatures
  An orc (D:5)
1 creature vanquished.

Notes
Turn   | Place    | Note
-------+----------+-------------------------------------------
     0 | D:5      | croobank the Octopode Delver began the quest for the Orb.
     0 | D:5      | Reached XP level 1. HP: 16/16 MP: 1/1
    23 | D:6      | Noticed an orc wizard
   134 | D:5      | Noticed Robin
   135 | D:5      | Noticed Ijyb
   135 | D:5      | Noticed a water moccasin
   150 | D:5      | Slain by a water moccasin

Illustrated notes

Levels and vault maps discovered:
D:5:      layout_cave_pools, serial_bayou, serial_bayou_crossing,
          serial_bayou_shore_a, serial_bayou_lake_a, serial_bayou_pond_e,
          nicolae_goblin_pals
D:6:      layout_loops_cross, yredelemnul_forgotten_temple_becter,
          nrook_campfire

Action                     || total
---------------------------++-------
  Melee: Short sword       ||     6
         Constrict         ||     2
    Use: Scroll            ||     2
         Potion            ||     1
  Dodge: Dodged            ||     4
